Cogmind - Beta 15 @@@ ROGUE MODE // 2025.06.09 @ 16:04:06 Player: Morgan Result: Destroyed by as-11035 with Assembled Rifle Performance ------------- Evolutions (0) 0 Regions Visited (2) 400 Robots Destroyed (8) 40 Value Destroyed (264) 264 Prototype IDs (0) 0 Alien Tech Used (0) 0 Bonus (0) 0 TOTAL SCORE: 704 Bonus ------- None Cogmind --------- Core Integrity 0/250 Matter 142/300 Energy 95/250 System Corruption 0% Temperature Cool (65) Movement Core (450) Ox8 Location -10/Mines Parts ------- > --- POWER (1) -------- Ion Engine > --- PROPULSION (2) --- (None) > --- UTILITY (2) ------ Large Storage Unit Terrain Scan Processor > --- WEAPON (2) ------- Medium Laser > --- INVENTORY (15) --- Aluminum Leg Aluminum Leg Light Assault Rifle Mining Laser Peak State ------------ > --- POWER ------------ Light Ion Engine > --- PROPULSION ------- Light Treads Light Treads > --- UTILITY ---------- Small Storage Unit Terrain Scan Processor > --- WEAPON ----------- Light Assault Rifle Grenade Launcher > --- INVENTORY -------- Ion Engine Aluminum Leg Aluminum Leg Medium Laser [Rating: 8] Favorites ----------- Power Light Ion Engine Engine Light Ion Engine Propulsion Light Treads Treads Light Treads Utility Terrain Scan Processor Storage Large Storage Unit Processor Terrain Scan Processor Weapon Grenade Launcher Energy Gun Medium Laser Energy Cannon Beam Cannon Ballistic Gun Light Assault Rifle Launcher Grenade Launcher Special Weapon Mining Laser Build | -11 -10 -10 ------- Run | Yrd Mat Min Slots Evolved . | . . . Power . | . . . Propulsion . | . . . Utility . | . . . Weapon . | . . . Parts Attached 13 | 7 5 1 Power 2 | 1 . 1 Engine 2 | 1 . 1 Core . | . . . Reactor . | . . . Propulsion 2 | 2 . . Treads 2 | 2 . . Leg . | . . . Wheel . | . . . Hover . | . . . Flight . | . . . Utility 3 | 1 2 . Device . | . . . Storage 2 | 1 1 . Processor 1 | . 1 . Hackware . | . . . Protection . | . . . Artifact . | . . . Weapon 6 | 3 3 . Energy Gun 2 | 2 . . Energy Cannon 1 | . 1 . Ballistic Gun 1 | 1 . . Ballistic Cannon . | . . . Launcher 1 | . 1 . Special Weapon 1 | . 1 . Impact Weapon . | . . . Slashing Weapon . | . . . Piercing Weapon . | . . . Special Melee Weapon . | . . . Unidentified Prototypes . | . . . Parts Lost 6 | . 1 5 Power 1 | . . 1 Propulsion 2 | . . 2 Utility . | . . . Weapon 3 | . 1 2 Highest Loss Streak 5 | . 1 5 To Critical Strikes . | . . . Average Backups 4 | 2 4 6 Power . | . 1 1 Propulsion 1 | 1 2 2 Utility . | . . . Weapon 1 | . 1 3 Tool/Special . | . . . Unused Backups 2 | . . 2 Power . | . . . Propulsion 2 | . . 2 Utility . | . . . Weapon . | . . . Tool/Special . | . . . Average Slot Usage (%) 95 | . 97 87 Engine 13 | . 14 10 Treads 26 | . 28 21 Storage 14 | . 14 14 Processor 12 | . 11 14 Energy Gun 1 | . 1 . Energy Cannon 4 | . 2 12 Ballistic Gun 8 | . 10 . Launcher 12 | . 12 12 Special Weapon 1 | . 1 . Peak Build Rating 8 | 6 8 8 Average Rating 7 | 5 7 7 On Entrance 4 | . 6 8 Naked Turns . | . . . Heaviest Build 29 | 11 29 29 Greatest Support 40 | 40 40 40 Greatest Overweight (x) 8 | . . 8 Average Overweight (x) . | . . . Largest Inventory Capacity 15 | 8 15 15 Average Capacity 11 | 7 12 15 Most Carried 6 | 4 6 6 Average Carried 4 | 2 4 5 Final Capacity 15 | 8 15 15 Final Carried 6 | 3 6 4 Class Distribution -------------------- 100% | Mutant Dominant Class ---------------- Mutant | -10/Materials Mutant | -10/Mines Resources | -11 -10 -10 ----------- Run | Yrd Mat Min Matter Collected 382 | 213 162 7 Remotely . | . . . Salvage Created 220 | . 99 121 Parts 11 | . 6 5 Haulers Intercepted . | . . . Recyclers Shooed . | . . . Parts Field Recycled . | . . . Retrieved Matter . | . . . Parts Self-Destructed . | . . . Prevented . | . . . Kills | -11 -10 -10 ------- Run | Yrd Mat Min Combat Hostiles Destroyed 10 | . 3 7 Guns 2 | . 2 . Cannons 2 | . . 2 AOE 6 | . 1 5 Classes Destroyed 5 | . 4 1 Builder 1 | . 1 . Tunneler 1 | . 1 . Watcher 1 | . 1 . Grunt 5 | . 3 2 Assembled 5 | . . 5 Best Kill Streak 5 | . 3 5 Combat Bots Only 5 | . 2 5 Max Kills in Single Turn 2 | . 2 2 Gunslinging . | . . . Exploded 2 | . 1 2 Melee . | . . . Uniques/NPCs Destroyed . | . . . Combat | -11 -10 -10 -------- Run | Yrd Mat Min Hostile Shots Fired 63 | . 29 34 Missed 17 | . 8 9 Hits 46 | . 21 25 Melee 5 | . . 5 Projectile 41 | . 21 20 Part Disruptions 1 | . . 1 Damage Taken 871 | . 458 413 Core 255 | . 80 175 Absorbed by Shields . | . . . Core Remaining (%) 100 | 100 . . Volleys Fired 33 | . 25 8 Largest 2 | . 2 2 Hottest 130 | . 130 90 Shots Fired 53 | . 40 13 Gun 24 | . 21 3 Cannon 7 | . 2 5 Launcher 19 | . 14 5 Special 3 | . 3 . Kinetic 20 | . 20 . Thermal 14 | . 6 8 Explosive 19 | . 14 5 Electromagnetic . | . . . Robot Hit Streak 12 | . 5 12 Robot Miss Streak 4 | . 4 . Penetration Max . | . . . Secondary Targets . | . . . Shots Hit Robots 25 | . 14 11 Core Hits 36 | . 18 18 Critical Kills . | . . . Critical Parts Destroyed . | . . . Critical Strikes 1 | . . 1 Burn 1 | . . 1 Melee Attacks . | . . . Impact . | . . . Slashing . | . . . Piercing . | . . . Sneak Attacks . | . . . Combat Hostiles . | . . . Follow-up Attacks . | . . . Damage Inflicted 900 | . 380 520 Guns 105 | . 66 39 Cannons 87 | . . 87 Explosions 708 | . 314 394 Melee . | . . . Ramming . | . . . Kinetic 54 | . 54 . Thermal 138 | . 12 126 Explosive 708 | . 314 394 Electromagnetic . | . . . Impact . | . . . Slashing . | . . . Piercing . | . . . Highest Corruption . | . . . Average Corruption . | . . . Corruption Purged . | . . . Corruption Blocked . | . . . Overload Shots . | . . . Overflow Damage 7 | . . 7 Projectiles . | . . . Explosions 7 | . . 7 Melee . | . . . Knockbacks . | . . . Impact . | . . . Kinetic . | . . . Secondary . | . . . Self-Inflicted Damage 219 | . 184 35 Shots 9 | . 8 1 Rammed . | . . . Targets Rammed . | . . . Kicked . | . . . Crushed . | . . . Highest Temperature 90 | . 60 90 Average Temperature 23 | . 17 35 Received Heat Transfer 291 | . 162 129 Siege Activations . | . . . Martial Activations . | . . . Shielding Activations . | . . . Robots Disrupted . | . . . Combat Hostiles . | . . . Robots Corrupted . | . . . Combat Hostiles . | . . . Parts Fried . | . . . Impact Corruptions . | . . . Robots Melted . | . . . Combat Hostiles . | . . . Parts Melted . | . . . Heat Transferred 407 | . 37 370 Parts Sabotaged . | . . . Parts Stolen . | . . . Parts Stripped . | . . . Power Chain Reactions . | . . . Alert | -11 -10 -10 ------- Run | Yrd Mat Min Maximum Alert Level . | . . . Low Security (%) 100 | 100 100 100 Level 1 . | . . . Level 2 . | . . . Level 3 . | . . . Level 4 . | . . . Level 5 . | . . . High Security . | . . . Max Security . | . . . Peak Influence 100 | . 100 79 Initial 19 | . . 19 Average 41 | . 55 56 Influence Increases 338 | . 250 88 Destroy 0b10 Robot/C 100 | . 60 40 Destroy 0b10 Robot/NC 15 | . 15 . Destroy Leader 32 | . 22 10 Disable Machine 60 | . 60 . Destroy Structure 131 | . 93 38 Influence Decreases 321 | . 198 123 Entered New Map 33 | . . 33 Time Decay 228 | . 188 40 Lost Part 60 | . 10 50 Squads Dispatched 1 | . 1 . Investigation . | . . . Extermination . | . . . Reinforcement 1 | . 1 . Assault . | . . . Garrison . | . . . Intercept . | . . . Searches Triggered . | . . . Construction Impeded . | . . . Haulers Reinforced . | . . . Active Scanning Responses . | . . . Cargo Convoy Interrupts . | . . . Stealth | -11 -10 -10 --------- Run | Yrd Mat Min Distress Signals . | . . . Communications Jammed . | . . . Distress Signals . | . . . Times Spotted 15 | . 5 10 Peak Tracking Total 7 | . 2 7 Tactical Retreats . | . . . Traps | -11 -10 -10 ------- Run | Yrd Mat Min Traps Triggered . | . . . Indirectly . | . . . Trap Hack Attempts . | . . . Triggered . | . . . Disarmed . | . . . Reprogrammed . | . . . Reused . | . . . Traps Extracted . | . . . Installed . | . . . Triggered . | . . . Machines | -11 -10 -10 ---------- Run | Yrd Mat Min Machines Disabled 4 | . 4 . Max in Single Turn 1 | . 1 . Machines Repaired . | . . . Machines Dismantled . | . . . Machines Sabotaged . | . . . Overloaded Fab Kills . | . . . Hacking | -11 -10 -10 --------- Run | Yrd Mat Min Machines Accessed . | . . . Terminals . | . . . Fabricators . | . . . Repair Stations . | . . . Recycling Units . | . . . Scanalyzers . | . . . Garrison Access . | . . . Total Hacks . | . . . Successful . | . . . Failed . | . . . Catastrophic . | . . . Database Lockouts . | . . . Manual . | . . . Terminals . | . . . Fabricators . | . . . Repair Stations . | . . . Recycling Units . | . . . Scanalyzers . | . . . Garrison Access . | . . . Terminal Hacks . | . . . Fabricator Hacks . | . . . Repair Station Hacks . | . . . Recycling Unit Hacks . | . . . Scanalyzer . | . . . Garrison Access Hacks . | . . . Unauthorized Hacks . | . . . Terminals . | . . . Fabricators . | . . . Repair Stations . | . . . Recycling Units . | . . . Scanalyzers . | . . . Garrison Access . | . . . Data Cores Recovered . | . . . Used . | . . . Hacking Detections . | . . . Full Trace Events . | . . . Feedback Events . | . . . Feedback Blocked . | . . . Robot Schematics Acquired . | . . . Robots Built . | . . . Authchips . | . . . Time . | . . . Total Robot Build Rating . | . . . Part Schematics Acquired . | . . . Parts Built . | . . . Authchips . | . . . Time . | . . . Total Part Build Rating . | . . . Parts Repaired . | . . . Time . | . . . Parts Recycled . | . . . Recycled Matter . | . . . Retrieved Matter . | . . . Retrieved Components . | . . . Parts Scanalyzed . | . . . Part Schematics Acquired . | . . . Parts Damaged . | . . . Bothacking | -11 -10 -10 ------------ Run | Yrd Mat Min Used RIF Installer . | . . . Robots Hacked . | . . . Non-combat . | . . . Combat . | . . . Robot Hacks Applied . | . . . Relay Couplers Released . | . . . Fabnet Peak Effective % . | . . . Robots Rewired . | . . . Allies Hacked . | . . . Hacks Repelled . | . . . Allies | -11 -10 -10 -------- Run | Yrd Mat Min Total Allies . | . . . Largest Group . | . . . Highest-Rated Group . | . . . Highest-Rated Ally . | . . . Total Orders . | . . . Ally Attacks . | . . . Total Damage . | . . . Kills . | . . . Allies Corrupted . | . . . Allies Melted . | . . . Intel | -11 -10 -10 ------- Run | Yrd Mat Min Active Infowar (turns) . | . . . Robot Analysis Total . | . . . Derelict Logs Recovered . | . . . Drone Launches . | . . . Drone Recoveries . | . . . Exploration | -11 -10 -10 ------------- Run | Yrd Mat Min Turns Passed 666 | 164 418 84 Spaces Moved 296 | 53 208 35 Core 8 | 6 . 2 Treads 288 | 47 208 33 Legs . | . . . Wheels . | . . . Hover . | . . . Flight . | . . . Fastest Speed 50 | 50 160 160 Average Speed 159 | 147 160 175 Slowest Speed 450 | 160 160 450 Overloaded Moves . | . . . Propulsion Burnouts . | . . . Robots Hopped . | . . . Potential Cave-ins . | . . . Cave-ins Triggered . | . . . Exploration Rate (%) 17 | 5 31 17 Regions Visited 2 Branch Regions 1 Pre-discovered Areas . | . . . Known Exits Taken . | . . . Unknown Exits Taken 2 | 1 1 . Scrap Searched . | . . . Spaces Dug 10 | . 10 . Terrain Destroyed 140 | . 100 40 Melee . | . . . Projectile 2 | . 2 . AOE 138 | . 98 40 Terrain Rammed . | . . . Walls Destroyed . | . . . Machines Disabled . | . . . Actions | -11 -10 -10 --------- Run | Yrd Mat Min Total 437 | 139 253 45 Wait 73 | 69 4 . Move 294 | 52 207 35 Hop . | . . . Pick Up 16 | 10 6 . Fast Attach . | . . . Attach 15 | 7 6 2 Detach 3 | . 3 . Swap 1 | . 1 . Drop 2 | 1 1 . Fire 33 | . 25 8 Melee . | . . . Ram . | . . . Kick . | . . . Crush . | . . . Escape Stasis . | . . . Rewire . | . . . Trap . | . . . Miscellaneous . | . . . Route ------- -11/Scrapyard -10/Materials -10/Mines History --------- Turn | Location | Event 3 | -11/Scrapyard | Discovered new exit (range 15) 165 | -11/Scrapyard | Entered Materials 307 | -10/Materials | Build established: Mutant 557 | -10/Materials | Discovered new exit (range 12) 583 | -10/Materials | Entered Mines 584 | -10/Mines | Assembled infested the area 589 | -10/Mines | Assisted by a Guerilla fighting off Assembled 654 | -10/Mines | Core integrity fell below 50% 665 | -10/Mines | Core integrity fell below 20% 667 | -10/Mines | Destroyed by as-11035 with Assembled Rifle Last Messages --------------- come on!" as-66451 sneak attacks. T-07 Excavator destroyed. [Achievement: Let's See Who's Tougher] as-30094 destroyed. as-66451 destroyed. Lgt. Ion Engine destroyed. Destroyed Lgt. Ion Engine. Lgt. Treads destroyed. Destroyed Lgt. Treads. Lgt. Treads destroyed. Acquired 7 matter. T-07 Excavator destroyed. as-74655 destroyed. as-69488 destroyed. The unstable cave ceiling collapses. as-47571 destroyed. Grenade Launcher destroyed. Beam Cannon destroyed. as-24344 suffers critical hit (Burn). Map ----- +----------------------------------------------------+ | ??????????????????????????????????? | | ??????????????????????????????????? | | ??????????????????????????????????? | | ??????????????????????????????????? | | ??????????????????????????????????? | | ??????????????????????????????????? | | ??????????????????????????????????? | | ??????????????????????????????????? | | ??????????????????????????????????? | | ??????????????????????????????????? | | ??????????????????????????????????? | | ???? ###?????????????????????????? | | ???? ????????????????????????? | | ????? ????????????????????????? | | ????? ????????????????????????? | | ?????? ????????????????????????? | | ?????? ????????????????????????? | | ??????? ??????##?#??????????????? | | ??????? ?????# # #??????????????? | | ???????# ###? ## #???????????? | | ??????## * ## ] %%?????????????? | | ??????# !%= a ???????????????? | | ??????##|%! aa% ##??????????????? | | ??????# ! ???????????????? | | ???????# a% #????????????????????? | | ???????## @ ##????????????????????? | | ????????# #????????????????????? | | ????????## #????????????????????? | | ?????????# ##????????????????????? | | ?????????# #?????????????????????? | | ?????????# #?????????????????????? | | ???????### #?????????????????????? | | ?????### ##????????????????????? | | ?????# #????????????????????? | | ????# ## #????????????????????? | | ????# #?## #????????????????????? | | ???# ???# ##???????????????????? | | ???# ????# #???????????????????? | | ???# ?????# #???????????????????? | | ???#??????# #???????????????????? | | ??????????# ##??????????????????? | | ?????????## ##?????????????????? | | ????????## #?????????????????? | | ????????# #?????????????????? | | ???????## #?????????????????? | | ??????## #?????????????????? | | ??????# ######????????????? | | ??????# # #######??????? | | ??????## ## ##?????? | | ???????## ?## #?????? | +----------------------------------------------------+ Best States ------------- Heat Dissipation 25 Energy Generation 10 Energy Capacity 125 Matter Stores 243 Matter Capacity 300 Sight Range 16 Terrain Scan Density 85 Evasion (%) 40 Recoil Reduction 2 Item Schematics ----------------- None Robot Schematics ------------------ None Fabricated ------------ Nothing Repaired ---------- Nothing Alien Tech Used ----------------- None Achievements -------------- Let's See Who's Tougher Challenges ------------ None Game ------ Seed ProjectileShadingRigger Manual? 0 Play Time 00:09:13 Cumulative 1.5 hours Start 2025.06.09 @ 15:56:35 End 2025.06.09 @ 16:04:06 Sessions 1 Manual Loads 0 Difficulty Rogue Special Mode None Game No. 7 Rogue 7 Adventurer 0 Explorer 0 Win Type - Total 0 Types 0/0/0/0/0/0/0/0/0/0 Lore% 0 Gallery% 4 Achievement% 5 Wizard Run 0 Options --------- Layout 1 ASCII 0 Keyboard 0 Movement Mouse Keybinds 0 Fullscreen 1 Font 24/Smallcaps Map View 25x17 Zoom Use 98% Tactical HUD 0 Map Filters NONE Filters NONE Steam 1 RUN: c09c8a0b-001e-4cde-90f1-30d5c030d063